 Dungeon Crawl Stone Soup version 0.22-b1-26-g9dbaab1112 (webtiles) character file.

304 Jupotter the Shield-Bearer (level 6, -2/49 HPs)
             Began as a Formicid Fighter on Aug 8, 2018.
             Slain by a crocodile (8 damage)
             ... in a sewer.
             The game lasted 00:07:45 (3337 turns).

Jupotter the Shield-Bearer (Formicid Fighter)       Turns: 3337, Time: 00:07:45

Health: -2/49      AC:  8    Str: 26    XL:     6   Next: 66%
Magic:  6/6        EV:  9    Int:  8    God:
Gold:   120        SH: 10    Dex: 11    Spells: 5/5 levels left

rFire    . . .     SeeInvis +   a - +0 war axe
rCold    . . .     Gourm    .   c - +0 shield
rNeg     . . .     Faith    .   x - +1 ring mail {rPois}
rPois    +         Spirit   .   (helmet unavailable)
rElec    .         Reflect  .   (no cloak)
rCorr    .         Harm     .   (no gloves)
MR       .....                  (no boots)
Stlth    +.........             q - amulet of magic regeneration
HPRegen  0.16/turn              l - ring of teleportation (curse) {+/*tele, !d}
MPRegen  0.35/turn              h - +2 ring of protection

@: mighty
A: permanent stasis, dig shafts and tunnels, four strong arms, antennae 3
a: Dig, Shaft Self


You were in a sewer.
You were not hungry.

You visited 1 branch of the dungeon, and saw 4 of its levels.
You also visited: Sewer.

You collected 120 gold pieces.

Inventory:

Hand Weapons
 a - a +0 war axe (weapon)
 u - a +0 flail of protection
Missiles
 s - 10 tomahawks (quivered)
Armour
 c - a +0 shield (worn)
 x - a +1 ring mail of poison resistance (worn)
Jewellery
 h - a +2 ring of protection (right hand)
 l - a cursed ring of teleportation (left hand) {+/*tele, !d}
 q - an amulet of magic regeneration (around neck)
Scrolls
 e - 2 scrolls of fog {unknown}
 k - 2 scrolls of fear {unknown}
 m - a scroll of immolation {unknown}
 o - 2 scrolls of remove curse {unknown}
 v - a scroll of random uselessness {unknown}
 M - 3 scrolls of magic mapping {!r}
Potions
 b - a potion of heal wounds {unknown}
 g - a potion of ambrosia {unknown}
 j - a potion of agility
 n - a potion of haste {unknown}
 t - a potion of invisibility
 w - a potion of mutation {unknown}
Comestibles
 f - 5 rations
 r - 5 chunks of flesh


   Skills:
 * Level 4.7 Fighting
 * Level 3.6 Axes
 + Level 0.6 Throwing
 + Level 4.3 Armour
 + Level 2.5 Stealth
 + Level 4.7 Shields


You had 5 spell levels left.
You didn't know any spells.
Your spell library was empty.

Dungeon Overview and Level Annotations

Branches:
Dungeon (4/15)
 Temple: D:4-7

Altars:

Annotations:
D:3 1 runed door


Innate Abilities, Weirdness & Mutations

You cannot be hasted, slowed, berserked, paralysed or teleported.
You can dig through walls and to a lower floor.
Your four strong arms can wield two-handed weapons with a shield.
You have a pair of large antennae on your head. (SInv)


Message History

A crocodile comes into view.
The crocodile bites you!
You barely miss the crocodile. The crocodile bites you.
You closely miss the crocodile. You block the crocodile's attack.
The crocodile bites you!
You feel very mighty all of a sudden. The crocodile bites you!
You hit the crocodile.
The crocodile is lightly wounded.
The crocodile bites you but does no damage.
You closely miss the crocodile.
The crocodile bites you but does no damage.
You barely miss the crocodile.
The crocodile bites you but does no damage.
The crocodile bites you!
* * * LOW HITPOINT WARNING * * *
You slash the crocodile!
The crocodile is heavily wounded.
The crocodile bites you!
You die...

#.# #.# #######
#.# ##.....## #.#
##...≈...#
#.#######...≈≈≈...
#..........≈≈≈≈≈.∩
#.#######...≈≈≈...
#.# ##...≈...# #@#
##..÷..## #t#
####### #.....#
#.......#
#.......#
#.......#
#.......#
#..$?$..#
##$??($##


You could see a crocodile.

Vanquished Creatures
  A sky beast (D:3)
  A crimson imp (D:2)
  An orc wizard (D:3)
  A worker ant (D:4)
  4 adders
  3 worms
  A dart slug (D:3)
  7 orcs (D:3)
  3 giant cockroaches (D:3)
  8 goblins
  10 hobgoblins
  3 jackals (D:1)
  9 kobolds
  2 quokkas (D:2)
  9 bats
  5 frilled lizards
  5 rats
73 creatures vanquished.

Notes
Turn   | Place    | Note
-------+----------+-------------------------------------------
     0 | D:1      | Jupotter the Formicid Fighter began the quest for the Orb.
     0 | D:1      | Reached XP level 1. HP: 18/18 MP: 1/1
   157 | D:1      | Reached XP level 2. HP: 24/24 MP: 2/2
   963 | D:2      | Noticed a crimson imp
   984 | D:2      | Killed a crimson imp
   984 | D:2      | Reached skill level 1 in Stealth
   984 | D:2      | Reached XP level 3. HP: 28/30 MP: 3/3
  1026 | D:2      | Reached XP level 4. HP: 37/37 MP: 4/4
  1727 | D:3      | Noticed a sky beast
  1739 | D:3      | Killed a sky beast
  1739 | D:3      | Reached XP level 5. HP: 25/43 MP: 5/5
  1950 | D:3      | Reached XP level 6. HP: 49/49 MP: 6/6
  2325 | D:3      | Found a runed door.
  3272 | D:4      | Found a glowing drain.
  3296 | Sewer    | Entered a sewer
  3337 | Sewer    | Slain by a crocodile

Skill      XL: |  1  2  3  4 |
---------------+-------------+-----
Stealth        | 1 2 |  2.5
Shields        | 4 |  4.7
Fighting       | 4 |  4.7
Axes           | 3 |  3.6
Armour         | 4 |  4.3
Throwing       | |  0.6

Action                   |  1- 3 |  4- 6 || total
-------------------------+-------+-------++-------
Melee: War axe           |    52 |   172 ||   224
  Use: Scroll            |     1 |     5 ||     6
       Potion            |       |     1 ||     1
  Eat: Chunk             |       |     8 ||     8
Armor: Scale mail        |    31 |    51 ||    82
       Ring mail         |       |    23 ||    23
Dodge: Dodged            |    16 |    62 ||    78
Block: Shield            |    18 |    94 ||   112
